Map: Fracture LE

Players

RandomTactic - Winner!

  • Race: Terran Terran
  • League: Master
  • Spawn Location: 5:00

Neuro

  • Race: Zerg Zerg
  • League: Master
  • Spawn Location: 11:00

VOD

Have the link to the VOD?

Description

heckbatcyclone

Time

  • Played on: Sept. 14, 2018, 11:20 a.m.
  • Length: 13:41
Show
View Real Time Build Order
Export as new Build Order

RandomTactic Terran - Winner!

Build Orders:  

Get SALT Encoding   

  12  0:01  SCV  
  13  0:13  SCV  
  14  0:19  Supply Depot  
  14  0:26  SCV  
  15  0:29  Refinery  
  15  0:41  SCV  
  16  0:46  Barracks  
  16  0:53  SCV  
  17  1:05  SCV  
  18  1:17  SCV  
  19  1:29  SCV  
  20  1:34  Marine  
  21  1:40  Command Center  
  21  1:43  SCV  
  22  1:52  Marine  
  23  1:57  Orbital Command  
  23  2:08  Factory  
  23  2:14  Refinery  
  23  2:15  Barracks Reactor  
  23  2:30  Supply Depot  
  23  2:51  SCV  
  23  3:01  SCV  
  23  3:03  SCV  
  23  3:12  Hellion  
  25  3:14  Orbital Command  
  25  3:18  SCV  
  25  3:30  SCV, Hellion  
  25  3:33  Hellion  
  29  3:41  SCV  
  30  3:42  SCV  
  30  3:46  Armory  
  31  3:52  Hellion  
  31  3:53  SCV  
  31  3:54  SCV  
  31  3:55  Hellion  
  37  4:05  SCV  
  37  4:06  SCV  
  37  4:09  Barracks Reactor  
  39  4:10  Factory  
  39  4:17  SCV  
  39  4:18  SCV  
  39  4:22  Cyclone  
  44  4:27  Supply Depot  
  44  4:34  Supply Depot, Terran Vehicle Weapons Level 1  
  44  4:49  Cyclone  
  45  5:03  SCV  
  45  5:05  Supply Depot  
  39  5:12  SCV  
  39  5:15  SCV  
  39  5:17  Cyclone, Hellion x2  
  39  5:20  Barracks Reactor  
  39  5:21  Cyclone  
  50  5:24  SCV  
  50  5:28  SCV  
  52  5:30  Supply Depot  
  52  5:36  SCV  
  52  5:38  Cyclone  
  52  5:39  Hellion  
  52  5:40  Supply Depot, SCV  
  59  5:48  SCV  
  59  5:49  Cyclone  
  63  5:51  Supply Depot  
  63  5:52  SCV  
  63  5:53  Hellion  
  63  5:55  Supply Depot  
  66  5:58  Marine x2  
  66  6:00  Cyclone, SCV  
  72  6:04  SCV  
  76  6:12  SCV  
  76  6:16  SCV, Marine x2  
  76  6:17  Cyclone  
  83  6:21  Hellion  
  83  6:22  Command Center  
  83  6:25  Cyclone  
  85  6:32  Hellion  
  87  6:34  Marine x2  
  87  6:39  Refinery  
  89  6:41  Terran Vehicle And Ship Armor Level 1  
  89  6:42  Engineering Bay  
  89  6:43  Hellion  
  91  6:49  Hellion  
  91  6:53  SCV  
  91  6:54  Hellion  
  96  6:57  Hellion  
  93  7:17  Cyclone x2, Hellion  
  93  7:19  Hellion  
  68  7:39  Hellion  
  68  7:40  Hellion  
  68  7:41  SCV  
  73  7:44  Factory  
  73  7:46  SCV  
  73  7:47  Marine x2  
  73  7:49  Refinery, Cyclone, Hellion  
  78  8:00  Hellion  
  80  8:11  Cyclone, Hellion  
  85  8:19  SCV  
  86  8:21  Cyclone  
  86  8:22  SCV, Marine x2, Hellion  
  92  8:31  SCV  
  93  8:34  SCV  
  93  8:37  Terran Vehicle Weapons Level 2  
  93  8:38  Missile Turret  
  93  8:40  Marine x2  
  96  8:41  Factory Tech Lab  
  96  8:43  SCV  
  96  8:45  Factory  
  96  8:46  SCV  
  98  8:51  Refinery  
  98  8:54  Supply Depot  
  98  8:55  Refinery, Missile Turret, Supply Depot, SCV  
  99  8:56  Supply Depot  
  99  8:58  SCV  
  99  9:01  Orbital Command  
  100  9:07  SCV  
  100  9:09  Siege Tank  
  104  9:10  SCV  
  100  9:26  SCV  
  100  9:29  SCV  
  98  9:47  SCV  
  98  9:48  Cyclone x2, Hellion x2  
  98  9:49  Siege Tank  
  98  9:50  Factory Tech Lab  
  86  10:09  Cyclone, Hellion  
  86  10:10  Cyclone  
  86  10:11  SCV  
  92  10:15  SCV  
  92  10:16  SCV  
  92  10:19  Supply Depot  
  92  10:20  Cyclone, Hellion  
  99  10:23  SCV  
  99  10:25  Marine x2  
  99  10:27  SCV  
  103  10:31  Siege Tank, Supply Depot  
  103  10:33  SCV  
  107  10:37  SCV  
  107  10:39  SCV, Infernal Pre-Igniter  
  109  10:44  Marine x2  
  109  10:45  SCV  
  109  10:49  Siege Tank, SCV  
  116  10:51  SCV  
  116  10:54  Supply Depot  
  117  10:57  SCV  
  112  11:12  Siege Tank  
  112  11:13  Hellion x3  
  112  11:14  SCV, Hellion  
  122  11:18  Command Center  
  122  11:21  Supply Depot  
  122  11:22  Siege Tank  
  122  11:25  Marine x2  
  127  11:33  Supply Depot  
  127  11:34  Supply Depot  
  127  11:43  SCV, Marine, Hellion x3  
  127  11:44  Siege Tank  
  141  11:54  Siege Tank  
  141  11:56  Supply Depot  
  138  12:16  Siege Tank, Cyclone, Hellion  
  138  12:17  Hellion x2  
  150  12:23  Armory  
  150  12:24  Factory  
  150  12:25  Supply Depot  
  150  12:26  Siege Tank, Supply Depot  
  150  12:38  Hellion  
  127  12:44  Cyclone  
  127  12:45  Hellion  
  128  12:53  Siege Tank  
  131  13:01  Siege Tank  
Show
View Real Time Build Order
Export as new Build Order

Neuro Zerg 

Build Orders: Hatch First 

Get SALT Encoding   

  12  0:01  Drone  
  13  0:13  Overlord  
  13  0:17  Drone  
  14  0:31  Drone x2  
  16  0:48  Hatchery  
  15  0:51  Drone  
  15  0:55  Drone  
  17  0:58  Drone  
  18  1:10  Extractor  
  17  1:13  Spawning Pool  
  17  1:16  Drone  
  17  1:20  Drone  
  18  1:30  Drone  
  19  1:40  Overlord  
  19  2:00  Queen x2  
  23  2:01  Zergling x6  
  26  2:12  Metabolic Boost  
  26  2:30  Hatchery, Drone  
  26  2:35  Overlord  
  26  2:43  Drone x2  
  27  3:03  Drone x6  
  32  3:12  Overlord  
  32  3:14  Drone x3  
  35  3:24  Drone  
  36  3:31  Overlord x2  
  36  3:39  Drone x3  
  36  3:40  Queen  
  40  3:47  Queen  
  42  3:51  Drone x2  
  42  3:52  Baneling Nest, Drone  
  44  3:59  Zergling x8  
  48  4:08  Drone x3  
  51  4:11  Zergling x2  
  51  4:13  Queen  
  54  4:21  Zergling x4  
  56  4:28  Zergling x12  
  62  4:39  Baneling x3  
  62  4:43  Queen x2  
  55  5:00  Drone x6  
  55  5:02  Drone x7  
  65  5:12  Spore Crawler x2  
  66  5:14  Drone x3  
  66  5:18  Spore Crawler  
  66  5:20  Lair  
  65  5:26  Extractor, Evolution Chamber  
  63  5:33  Roach Warren  
  62  5:37  Queen  
  62  5:39  Zergling x2  
  62  5:42  Overlord x2  
  65  5:43  Overlord x2  
  65  5:57  Extractor  
  65  5:59  Drone  
  65  6:02  Drone x2  
  65  6:03  Drone  
  68  6:10  Drone x5  
  73  6:13  Roach x11  
  95  6:22  Extractor  
  94  6:28  Zergling x6  
  94  6:30  Overlord x4  
  97  6:41  Ravager  
  97  6:43  Overlord x2  
  98  6:48  Queen  
  98  6:50  Ravager x2  
  98  6:51  Ravager  
  98  6:53  Zergling x16  
  113  6:57  Zergling x6  
  113  7:01  Ravager  
  112  7:09  Zergling x2  
  112  7:10  Zergling x18  
  97  7:24  Roach x2  
  82  7:30  Queen  
  82  7:34  Roach  
  82  7:35  Roach x3  
  81  7:39  Roach  
  78  7:45  Roach  
  78  7:49  Ravager x2  
  79  7:52  Roach  
  79  7:53  Queen  
  79  7:58  Ravager x2  
  78  7:59  Roach  
  78  8:00  Roach  
  78  8:01  Zergling x12  
  89  8:06  Extractor, Queen  
  89  8:12  Hatchery  
  89  8:13  Ravager  
  89  8:15  Roach  
  89  8:16  Roach  
  94  8:37  Roach  
  94  8:38  Roach x2  
  94  8:41  Zerg Missile Weapons Level 1  
  100  8:43  Overlord x7  
  100  9:01  Ravager x3  
  102  9:04  Drone x6  
  102  9:05  Drone  
  109  9:16  Extractor  
  108  9:19  Extractor  
  99  9:25  Roach  
  99  9:26  Hatchery, Roach x4  
  99  9:31  Roach  
  108  9:41  Ravager x3  
  108  9:42  Ravager  
  108  9:44  Drone x8  
  112  10:01  Roach x5  
  112  10:07  Roach x3  
  103  10:13  Roach  
  103  10:14  Roach x5  
  107  10:23  Roach x4  
  107  10:27  Glial Reconstitution  
  115  10:33  Roach x4  
  123  10:36  Ravager  
  123  10:39  Drone x4  
  128  10:44  Drone x4  
  128  10:48  Burrow  
  132  10:51  Zerg Missile Weapons Level 2  
  126  11:17  Roach  
  126  11:18  Roach x9  
  146  11:29  Overlord x2  
  146  11:30  Drone x3  
  149  11:42  Roach x6  
  149  11:46  Ravager x3, Tunneling Claws  
  164  11:53  Roach x5  
  174  12:00  Zergling x2  
  174  12:01  Zergling x2  
  174  12:10  Roach x38  
  174  12:13  Roach x7  
  178  12:27  Overlord x3  
  176  12:33  Hatchery  
  139  12:46  Roach  
  139  12:47  Roach x7  
  138  12:55  Ravager x4  
  142  13:09  Roach x4  
  142  13:12  Roach x10  
  134  13:18  Roach x2  
Tags
 
Matchup
TvZ
Spawn Locations
Cross Positions
Add a new tag
Caveats
  • Supply blocks, unpowered buildings, or Contaminate may cause inaccurate times.
  • Supply counts are checked every 10 seconds.